 Dungeon Crawl Stone Soup version 0.27-a0-1193-g8631133539 (webtiles) character file.

Game seed: 597588060087431880

122 robertstho the Skirmisher (level 4, -3/61 HPs)
             Began as a Draconian Berserker on May 25, 2021.
             Was a Believer of Trog.
             Succumbed to Sigmund's poison
             ... on level 3 of the Dungeon.
             The game lasted 00:03:00 (2368 turns).

robertstho the Skirmisher (Draconian Berserker)     Turns: 2368, Time: 00:03:01

Health: -3/61      AC:  5    Str: 20    XL:     4   Next: 78%
Magic:  4/4        EV:  7    Int:  8    God:    Trog [**....]
Gold:   97         SH: 13    Dex: 10    Spells: 3/3 levels left

rFire    . . .     SeeInvis +   a - +1 falchion
rCold    . . .     Faith    .   e - +1 tower shield
rNeg     . . .     Spirit   .   (armour unavailable)
rPois    .         Reflect  .   (helmet restricted)
rElec    .         Harm     .   (no cloak)
rCorr    .         Rampage  .   (no gloves)
Will     .....                  (no boots)
Stlth    ..........             (no amulet)
HPRegen  0.20/turn              c - ring of see invisible
MPRegen  0.09/turn              (no ring)

@: berserking, lethally poisoned (-3 -> -31), very quick
A: AC +5, unfitting armour, cold-blooded
a: Renounce Religion, Berserk, Trog's Hand


You were on level 3 of the Dungeon.
You worshipped Trog.
Trog was pleased with you.
You visited 1 branch of the dungeon, and saw 3 of its levels.

You collected 97 gold pieces.

Inventory:

Hand Weapons
 a - a +1 falchion (weapon)
Armour
 e - a +1 tower shield (worn)
Jewellery
 c - a ring of see invisible (left hand)
Scrolls
 b - 3 scrolls of enchant armour
Potions
 d - a potion of flight {unknown}


   Skills:
 * Level 4.3 Fighting
 + Level 3.6 Long Blades
 * Level 3.5 Dodging
 * Level 1.3 Stealth
 + Level 0.9 Shields


You had 3 spell levels left.
You didn't know any spells.
Your spell library was empty.

Dungeon Overview and Level Annotations

Branches:
Dungeon (3/15)

Altars:
Elyvilon

Shops:
D:2 =

Annotations:
D:3 Sigmund


Innate Abilities, Weirdness & Mutations

Your plain brown scales are hard. (AC +5)
You cannot fit into any form of body armour.
You are cold-blooded and may be slowed by cold attacks.


Message History

You can now call upon Trog for regeneration and willpower.
The orc hits you with a +0 club. You block Sigmund's attack.
The orc closely misses you.
You riposte.
You hit the orc.
The orc is heavily wounded.
You block the orc's attack. Sigmund barely misses you.
A red film seems to cover your vision as you go berserk!
You feel yourself moving faster!
You feel mighty! You block the orc's attack. x2
Sigmund hits you from afar with a +0 scythe of venom!
You feel a strong urge to attack something.
You block the orc's attack.
You slash Sigmund!
Your tail-slap misses Sigmund.
Sigmund is moderately wounded.
Sigmund hits you but does no damage.
You are poisoned.
The orc hits you but does no damage. You block the orc's attack.
You slash Sigmund!
Sigmund is severely wounded.
You feel sick.
Sigmund hits you with a +0 scythe of venom.
You are more poisoned.
You block the orc's attack. x2
Sigmund hits you with a +0 scythe of venom!
You are lethally poisoned!
You closely miss Sigmund.
Sigmund is severely wounded.
You feel extremely sick. You block the orc's attack.
The orc hits you with a +0 club.
* * * LOW HITPOINT WARNING * * *
Sigmund hits you with a +0 scythe of venom.
* * * LOW HITPOINT WARNING * * *
You are more poisoned.
You barely miss Sigmund.
Sigmund is severely wounded.
* * * LOW HITPOINT WARNING * * *
You feel extremely sick. You block the orc's attack.
The orc hits you but does no damage. You block Sigmund's attack.
You barely miss Sigmund.
Sigmund is severely wounded.
You die...

..# ....... #.#.#
....... ##.#.
....... ... .......
#.## .......###..#
............##
.......@.)...####..#
.......@............
#####..)o.##.####..#
#..o..##.## #..#
#.....##..# #..#
#.....###.###..#
........ #..##..#
.>.......###.##..#
..........# #.##.<#
...######.#
#.##.######


You could see Sigmund and 2 orcs.

Vanquished Creatures
  A scorpion (D:2)
  3 adders (D:2)
  A dart slug (D:1)
  2 orcs
  2 giant cockroaches
  3 hobgoblins
  6 kobolds
  3 quokkas (D:1)
  4 ball pythons
  2 bats
  3 frilled lizards
  3 rats
33 creatures vanquished.

Notes
Turn   | Place    | Note
-------+----------+-------------------------------------------
     0 | D:1      | robertstho the Draconian Berserker began the quest for the
                  | Orb.
     0 | D:1      | Reached XP level 1. HP: 19/19 MP: 1/1
   384 | D:1      | Reached XP level 2. HP: 26/26 MP: 2/2
  1331 | D:2      | Found Ixzuilec's Jewellery Shoppe.
  1372 | D:2      | Reached XP level 3. HP: 30/33 MP: 3/3
  1500 | D:2      | Reached skill level 4 in Fighting
  1532 | D:2      | Noticed a scorpion
  1544 | D:2      | Killed a scorpion
  1545 | D:2      | Reached skill level 1 in Stealth
  1545 | D:2      | Reached XP level 4. HP: 14/40 MP: 4/4
  2114 | D:2      | Found a white marble altar of Elyvilon.
  2358 | D:3      | Noticed Sigmund
  2361 | D:3      | Reached ** piety under Trog
  2368 | D:3      | Succumbed to Sigmund's poison

Illustrated notes

Levels and vault maps discovered:
D:1:      dpeg_arrival_erosion, layout_loops_ring
D:2:      layout_loops_corners, serial_shops, shop, basic_altar,
          minmay_surrounded
D:3:      layout_basic, nicolae_overflow_hidden_temple, marbit_many_paths,
          jmf_multi_god_temple, lemuel_old_faithful, uniq_sigmund, uniq_jessica,
          uniq_crazy_yiuf_cottage

Skill      XL: |  1  2  3 |
---------------+----------+-----
Dodging        | 3 |  3.5
Fighting       | 4 |  4.3
Stealth        | 1 |  1.3
Long Blades    | |  3.6
Shields        | |  0.9

Action                   |  1- 3 |  4- 6 || total
-------------------------+-------+-------++-------
Melee: Falchion          |    78 |    24 ||   102
       Tailslap          |     8 |     1 ||     9
Invok: Berserk           |     2 |     1 ||     3
  Use: Scroll            |     3 |     1 ||     4
 Stab: Distracted        |     1 |       ||     1
       Sleeping          |       |     1 ||     1
Armor: Skin              |    21 |     6 ||    27
Dodge: Dodged            |    38 |     5 ||    43
Block: Tower shield      |    36 |    33 ||    69
       Rpst.: Falchion   |    13 |     2 ||    15

Table legend: (Time is in decaauts)
 A = Elapsed time spent in this place.
 B = Non-inter-level travel time spent in this place.
 C = Inter-level travel time spent in this place.
 D = Time resting spent in this place.
 E = Time spent auto-exploring this place.
 F = Levels seen in this place.
 G = Mean time per level.
                   A        B        C        D        E       F      G
               +--------+--------+--------+--------+--------+-----+--------+
         Total |   2436 |   2286 |    150 |    414 |   1560 |   3 |  812.0 |
       Dungeon |   2436 |   2286 |    150 |    414 |   1560 |   3 |  812.0 |
               +--------+--------+--------+--------+--------+-----+--------+

Top non-repeatable levels by time:
     D:1: 1360 daAuts
     D:2: 1040 daAuts
     D:3: 36 daAuts
